 Dungeon Crawl Stone Soup version 0.27.1 (webtiles) character file.

Game seed: 16308387293531331595

666 MajorAdolf the Sneak (level 7, -2/66 HPs)
             Began as a Naga Wanderer on Sept 4, 2021.
             Slain by a gnoll sergeant (5 damage)
             ... on level 5 of the Dungeon.
             The game lasted 00:09:28 (4140 turns).

MajorAdolf the Sneak (Naga Wanderer)                Turns: 4140, Time: 00:09:29

Health: -2/66      AC:  7    Str: 18    XL:     7   Next: 57%
Magic:  7/7        EV:  9    Int: 14    God:
Gold:   183        SH:  0    Dex:  7    Spells: 6/6 levels left

rFire    . . .     SeeInvis +   v - +6 halberd (vamp)
rCold    . . .     Faith    .   (shield currently unavailable)
rNeg     . . .     Spirit   .   e - +0 robe
rPois    +         Reflect  .   g - +2 hat
rElec    .         Harm     .   (no cloak)
rCorr    +         Rampage  .   f - +1 pair of gloves
Will     +....                  (no barding)
Stlth    +++.......             (no amulet)
HPRegen  0.21/turn              k - ring of willpower
MPRegen  0.10/turn              s - ring of resist corrosion

@: very slow
A: AC +2, large, see invisible, deformed body, poison resistance, slowness 2,
spit poison 1, naga tail 1
a: Spit Poison


You were on level 5 of the Dungeon.
You visited 1 branch of the dungeon, and saw 5 of its levels.
You also visited: Sewer.

You collected 183 gold pieces.

Inventory:

Hand Weapons
 a - a +2 hand crossbow
 i - a +0 dagger
 v - a +6 vampiric halberd (weapon)
Missiles
 b - 13 bolts
Armour
 e - a +0 robe (worn)
 f - a +1 pair of gloves (worn)
 g - a +2 hat (worn)
Jewellery
 k - a ring of willpower (left hand)
 s - a ring of resist corrosion (right hand)
Scrolls
 d - 2 scrolls of teleportation
 h - a scroll of brand weapon {unknown}
 j - a scroll of fog {unknown}
 o - 2 scrolls of fear
 q - a scroll of blinking {unknown}
 t - a scroll of enchant weapon {unknown}
Potions
 c - a potion of curing
 l - a potion of might {unknown}
 m - a potion of haste {unknown}
 n - a potion of heal wounds {unknown}
 p - a potion of magic {unknown}
 r - a potion of flight {unknown}
 u - a potion of resistance {unknown}


   Skills:
 + Level 4.8 Fighting
 + Level 6.3 Crossbows
 - Level 1.0 Armour
 + Level 6.7 Stealth


You had 6 spell levels left.
You didn't know any spells.
Your spell library contained the following spells:

 Spells                   Type           Power      Damage    Failure   Level
 Corona                   Hex            0%         N/A       28%         1
 Ensorcelled Hibernation  Hex/Ice        0%         N/A       41%         2
 Tukima's Dance           Hex            0%         N/A       65%         3


Dungeon Overview and Level Annotations

Branches:
Dungeon (5/15)              Sewer (visited)
 Temple: D:4-7

Altars:
Uskayaw
Vehumet


Innate Abilities, Weirdness & Mutations

Your serpentine skin is tough. (AC +2)
You have supernaturally acute eyesight. (SInv)
Armour fits poorly on your strangely shaped body.
Your system is resistant to poisons. (rPois)
You cover ground very slowly.
You can spit poison.
You have a snake-like lower body.


Message History

The floor.
You reach to attack!
You barely miss the gnoll sergeant.
The gnoll zaps a wand.
The mass of ice explodes!
The iceblast engulfs you.
The gnoll sergeant hits you from afar with a +0 spear.
Unknown command.
Reach: v) +6 halberd (vamp)
Press: ? - help, Dir - move target, f - gnoll, p - gnoll sergeant
Aim: a gnoll, wielding a +0 club and carrying a wand of iceblast (3) (about 40% to evade your +6 vampiric halberd)
You reach to attack!
You barely miss the gnoll.
The gnoll sergeant hits you from afar with a +0 spear!
The gnoll completely misses you.
The gnoll sergeant hits you from afar with a +0 spear.
The gnoll closely misses you.
You hit the gnoll.
You feel better.
The gnoll is lightly wounded.
The gnoll hits you with a +0 club.
The gnoll sergeant hits you from afar with a +0 spear.
The gnoll hits you from afar with a +0 spear.
The gnoll barely misses you. The gnoll closely misses you.
Unknown command.
You hit the gnoll.
The gnoll is moderately wounded.
The gnoll sergeant hits you but does no damage.
The gnoll hits you from afar with a +0 spear. x2
The gnoll barely misses you.
The gnoll sergeant hits you from afar with a +0 spear.
The gnoll closely misses you.
You puncture the gnoll!
You feel better.
The gnoll is almost dead.
The gnoll hits you but does no damage. The gnoll barely misses you.
The gnoll sergeant hits you from afar with a +0 spear!
* * * LOW HITPOINT WARNING * * *
The gnoll hits you from afar with a +0 spear.
* * * LOW HITPOINT WARNING * * *
The gnoll hits you but does no damage. The gnoll hits you with a +0 club.
* * * LOW HITPOINT WARNING * * *
You slash the gnoll!
You feel better.
You kill the gnoll!
The gnoll sergeant hits you from afar with a +0 spear.
You die...

#.#****** **####* #<#
*,,...#####*** #.#
***.##.....,..,* #.#
*,,,......####.###.#
*,*,##..#..........#
*,*,#......###.##.[##
*,#.#...#g####.##...########
*,#......g)@...#.....>......
*,#...#.#g##.####...########
*...,.....##.# ##.## #
*#*#..######.# #.# # #..,..#
#.# #.# # #.**#.# #.#
*#+#### ### #.###.###.#
**,##≈≈####≈≈
#.........#**,,#≈≈≈≈≈≈≈≈≈
#####.#####*,,.##≈≈####≈≈


You could see a gnoll sergeant and 2 gnolls.

Vanquished Creatures
  A sky beast (D:5)
  Purgy (Sewer)
  An ogre (D:4)
  A phantom (D:5)
  Blork the orc (D:5)
  A centaur zombie (D:5)
  A hound (D:4)
  A bullfrog skeleton (D:4)
  An iguana (D:5)
  3 gnolls (D:5)
  A howler monkey skeleton (D:5)
  5 adders
  2 worms (D:5)
  A dart slug (D:3)
  An orc (D:4)
  4 ball pythons
  6 bats
  2 endoplasms
  6 giant cockroaches
  6 goblins
  4 hobgoblins
  3 jackals (D:1)
  6 kobolds
  4 quokkas
  7 frilled lizards
  5 rats
75 creatures vanquished.

Notes
Turn   | Place    | Note
-------+----------+-------------------------------------------
     0 | D:1      | MajorAdolf the Naga Wanderer began the quest for the Orb.
     0 | D:1      | MajorAdolf set off with the following items: a +2 hand
                  | crossbow, 22 bolts, a potion of curing, a scroll of
                  | teleportation, a +0 robe, a +0 dagger
     0 | D:1      | Reached XP level 1. HP: 21/21 MP: 1/1
   237 | D:1      | Found a faded altar of an unknown god.
   266 | D:1      | Reached XP level 2. HP: 28/28 MP: 2/2
  1223 | D:2      | Found a hide-covered altar of Uskayaw.
  1235 | D:2      | You fall into a shaft and drop 2 floors!
  1353 | D:3      | Reached XP level 3. HP: 34/34 MP: 3/3
  1846 | D:3      | Found a radiant altar of Vehumet.
  2235 | D:3      | Reached XP level 4. HP: 36/42 MP: 4/4
  2948 | D:4      | Reached skill level 5 in Crossbows
  2948 | D:4      | Reached XP level 5. HP: 46/49 MP: 5/5
  2984 | D:4      | Noticed an ogre
  2990 | D:4      | Killed an ogre
  3047 | D:4      | Reached XP level 6. HP: 56/56 MP: 6/6
  3290 | D:5      | Entered Level 5 of the Dungeon
  3312 | D:5      | Noticed a sky beast
  3323 | D:5      | Killed a sky beast
  3324 | D:5      | Reached skill level 5 in Stealth
  3409 | D:5      | Found a glowing drain.
  3416 | Sewer    | Entered a sewer
  3446 | Sewer    | Noticed Purgy
  3459 | Sewer    | Killed Purgy
  3460 | Sewer    | Reached XP level 7. HP: 52/64 MP: 7/7
  3722 | D:5      | Noticed Blork the orc
  3743 | D:5      | Killed Blork the orc
  4139 | D:5      | HP: 1/66 [gnoll (6)]
  4140 | D:5      | Slain by a gnoll sergeant

Illustrated notes

Levels and vault maps discovered:
D:1:      dpeg_arrival_windows_large_door, layout_basic,
          hellmonk_ecumenical_altar_lost_god
D:2:      layout_basic, basic_altar, minivault_11, uniq_jessica, uniq_terence
D:3:      layout_basic, mainiacjoe_overflow_catwalk
D:4:      layout_rooms
D:5:      cheibrodos_fzero, layout_loops_corners, gup_sewer_entry_bubbles,
          uniq_blork_the_orc, uniq_duvessa

Skill      XL: |  1  2  3  4  5  6  7 |
---------------+----------------------+-----
Crossbows      | 3 4 5 6 |  6.3
Fighting       | 4 |  4.8
Stealth        | 5 6 |  6.7
Armour         | |  1.0

Action                   |  1- 3 |  4- 6 |  7- 9 || total
-------------------------+-------+-------+-------++-------
Melee: Dagger            |    44 |    69 |    28 ||   141
       Halberd           |       |       |    28 ||    28
 Fire: Hand crossbow     |     3 |    25 |    18 ||    46
 Abil: Spit Poison       |    38 |    30 |     1 ||    69
  Use: Scroll            |       |     4 |       ||     4
 Stab: Sleeping          |       |     1 |       ||     1
Armor: Robe              |    20 |    40 |    27 ||    87
Dodge: Dodged            |    15 |    56 |    41 ||   112
